 Dungeon Crawl Stone Soup version 0.18-a0-1637-g109f206 (webtiles) character file.

13104 namelastname112 the Martial Artist (level 11, -4/97 HPs)
             Began as a Mottled Draconian Monk on Mar 27, 2016.
             Was an Elder of Ru.
             Slain by an ogre
             ... wielding a +0 giant club
              (9 damage)
             ... on level 9 of the Dungeon.
             The game lasted 00:27:43 (9366 turns).

namelastname112 the Martial Artist (DrMo)           Turns: 9366, Time: 00:27:44

Health: -4/97      AC: 12    Str: 13    XL:     11   Next: 71%
Magic:  6/14       EV: 17    Int: 12    God:    Ru [****..]
Gold:   654        SH:  0    Dex: 16    Spells: 2 memorised, 13 levels left

rFire  + . .     SeeInvis .       - Unarmed
rCold  . . .     Gourm    .     (armour unavailable)
rNeg   . . .     Faith    +     (no shield)
rPois  +         Spirit   .     (helmet restricted)
rElec  .         Dismiss  .     M - +2 cloak
rCorr  .         Reflect  .     f - +0 pair of gloves
SustAt .         Harm     .     k - +0 pair of boots
MR     +....                    n - amulet of faith
Stlth  ++........               P - ring of protection from magic
                                i - ring of poison resistance

@: exhausted, somewhat resistant to hostile enchantments, unstealthy
A: breathe sticky flame splash, unfitting armour, fire resistance 1, low mp 1,
cold-blooded, inability to use devices, hated by all, AC +7
a: Breathe Sticky Flame, Draw Out Power, Power Leap, Renounce Religion


You were on level 9 of the Dungeon.
You worshipped Ru.
Ru was greatly pleased with you.
You were very hungry.

You visited 1 branch of the dungeon, and saw 10 of its levels.
You also visited: Sewer and Ossuary.

You collected 654 gold pieces.

Inventory:

Armour
 f - a +0 pair of gloves (worn)
 k - a +0 pair of boots (worn)
 M - a +2 cloak (worn)
Jewellery
 b - an uncursed amulet of regeneration
 i - a ring of poison resistance (left hand)
 n - an amulet of faith (around neck)
 H - an uncursed ring of positive energy
 O - the amulet "Teimmadwe" {Harm *Drain +Blink Str+4 Int+3 Stlth-}
   (You found it on level 8 of the Dungeon)

   [amulet of harm]

   It increases damage dealt and taken.
   It affects your strength (+4).
   It affects your intelligence (+3).
   It lets you blink.
   It makes you less stealthy.
 P - a ring of protection from magic (right hand)
Scrolls
 c - a scroll of immolation {unknown}
 g - 4 scrolls of recharging {unknown}
 h - 2 scrolls of remove curse {unknown}
 j - 2 scrolls of noise {unknown}
 l - a scroll of magic mapping {unknown}
 p - 4 scrolls of teleportation {unknown}
 r - 5 scrolls of blinking {unknown}
 t - 2 scrolls of amnesia {unknown}
 y - 3 scrolls of enchant armour {unknown}
 E - 4 scrolls of fog {unknown}
 F - 2 scrolls of fear {unknown}
 J - a scroll of random uselessness {unknown}
 N - 2 scrolls of acquirement {unknown}
Potions
 e - 2 potions of lignification
 m - 2 potions of flight {unknown}
 o - 2 potions of cure mutation
 q - a potion of cancellation {unknown}
 u - a potion of ambrosia {unknown}
 v - 5 potions of curing
 x - 2 potions of resistance {unknown}
 A - 2 potions of brilliance
 C - 2 potions of magic {unknown}
 D - 3 potions of degeneration
 G - 3 potions of haste
 K - 2 potions of heal wounds
 L - 2 potions of might {unknown}
Books
 z - a book of Cantrips

   Spells                             Type                      Level
   a - Corona                         Hexes                        1
   b - Animate Skeleton               Necromancy                   1
   c - Summon Small Mammal            Summoning                    1
   d - Apportation                    Translocation                1
 B - a book of Hinderance

   Spells                             Type                      Level
   a - Confusing Touch                Hexes                        2
   b - Confuse                        Hexes                        3
   c - Gell's Gravitas                Hexes/Translocation          3
   d - Petrify                        Transmutation/Earth          4
   e - Metabolic Englaciation         Hexes/Ice                    5
   f - Yara's Violent Unravelling     Hexes/Transmutation          5
Comestibles
 a - 5 bread rations
 d - 2 beef jerkies
 s - 6 fruits
 I - 2 meat rations


   Skills:
 + Level 9.0 Fighting
 + Level 7.5 Dodging
 - Level 1.7 Stealth
 * Level 14.2 Unarmed Combat
 + Level 3.1 Spellcasting
 * Level 4.8 Hexes


You had 13 spell levels left.
You knew the following spells:

 Your Spells              Type           Power        Failure   Level  Hunger
a - Apportation           Tloc           #.........   28%         1    #......
b - Confusing Touch       Hex            ##....       6%          2    ###....


Dungeon Overview and Level Annotations

Branches:
Dungeon (10/15)            Temple (0/1) D:7            Lair (0/8) D:8
    Orc: D:9-12

Altars:
Ashenzari
Cheibriados
Dithmenos
Gozag
Kikubaaqudgha
Okawaru
Pakellas
Ru
Sif Muna
Trog
Vehumet
Yredelemnul
Zin
The Shining One


Innate Abilities, Weirdness & Mutations

You can spit globs of burning liquid.
You can ignite nearby creatures when you spit burning liquid.
Your weird mottled scales are hard (AC +7).
Your body does not fit into most forms of armour.
Your magical capacity is low (-10% MP).
You are cold-blooded and may be slowed by cold attacks.
You cannot study or use magical devices.
You are hated by all.
Your flesh is heat resistant.


Message History

* * * LOW HITPOINT WARNING * * *
Aiming: Power Leap
Press: ? - help, Dir - move target cursor You kill the ogre mage!
Your Fighting skill increases to level 9!
Your Spellcasting skill increases to level 3!
An ogre comes into view. It is wielding a giant club.
The ogre shouts!
You hear a shout!
The ogre closely misses you.
Found a short sword.
You hit the ogre.
The ogre is lightly wounded.
The ogre hits you with a giant club!!
* * * LOW HITPOINT WARNING * * *
You pummel the ogre!!
You tail-slap the ogre, but do no damage.
You punch the ogre.
You kill the ogre!
The ogre hits you with a giant club!
You die...

## #.#
###>...##....# ##.
# #.# ##..#####.##
## # #### #.##
##..# ### # #..##
##.## ##8#
##..#####.# ##.#
####)....###.# #.##
# ..))........##
#)# ##
#####.....### ##)##
#. # #.....## #@O.#
## ## ##)...#
#.....# ###### # .#
###.##
#.......##....#####
.# ###
##....#######......
.# ##..## #######
.# ##)# .# ## (#
############### #
.# #........)....#
##


You could see an ogre.

Vanquished Creatures
  Josephine (D:10)
  An ogre mage (D:9)
  A catoblepas (D:9)
  Erica (D:8)
  Pikel (D:5)
  Joseph (D:8)
  The ghost of SpiritFryer the Spear-Bearer, a novice CeGl of Zin (D:6)
  Psyche (D:8)
  7 two-headed ogres (D:9)
  4 yaks (D:9)
  Grum (D:8)
  4 wraiths (D:10)
  3 hungry ghosts
  A hippogriff (D:8)
  Menkaure (D:5)
  An ice beast (D:8)
  An orc warrior (D:8)
  3 sky beasts
  2 eyes of draining (D:9)
  4 slaves (D:5)
  2 phantoms
  16 ogres
  2 wolves (D:8)
  3 centaurs
  A crocodile (D:8)
  2 big kobolds (D:9)
  A gnoll sergeant (D:7)
  8 giant frogs
  5 scorpions
  4 killer bees (D:8)
  2 wights (D:8)
  A jelly (D:9)
  A crimson imp (D:9)
  4 howler monkeys
  A quasit (D:6)
  5 hounds
  A centaur skeleton (D:4)
  7 orc priests
  An iguana (D:3)
  4 orc wizards
  3 worker ants
  2 big kobold zombies (Ossuary)
  2 hound zombies
  9 mummies
  A howler monkey zombie (D:8)
  8 gnolls (D:7)
  24 adders
  11 river rats
  2 shadow imps
  An ooze (D:1)
  3 adder skeletons
  3 worms
  2 dart slugs
  6 giant geckos
  22 orcs
  19 ball pythons
  18 bats
  6 giant cockroaches
  A gnoll zombie (Ossuary)
  8 goblins
  5 hobgoblins
  19 jackals
  19 kobolds
  4 quokkas
  5 giant newts
  2 hobgoblin zombies (Ossuary)
  2 kobold zombies (D:5)
  3 orc zombies (Ossuary)
  37 rats
358 creatures vanquished.

Vanquished Creatures (others)
  An orc warrior (D:8)
  A wight (D:8)
  A howler monkey (D:9)
  An adder (D:3)
  A river rat (Sewer)
  An orc (D:9)
  2 kobolds
  10 fungi (D:8)
  5 plants (D:8)
23 creatures vanquished.

Grand Total: 381 creatures vanquished

Notes
Turn   | Place    | Note
--------------------------------------------------------------
     0 | D:1      | namelastname112 the Draconian Monk began the quest for the Orb.
     0 | D:1      | Reached XP level 1. HP: 19/19 MP: 1/1
    95 | D:1      | Reached XP level 2. HP: 24/26 MP: 2/2
   733 | D:2      | Reached skill level 5 in Unarmed Combat
   739 | D:2      | Reached XP level 3. HP: 27/31 MP: 3/3
   835 | D:2      | Found a sacrificial altar of Ru.
   860 | D:2      | Reached XP level 4. HP: 24/38 MP: 4/4
   865 | D:2      | Became a worshipper of Ru the Awakened
   875 | D:2      | Gained mutation: You are hated by all. [Ru sacrifice]
   875 | D:2      | Reached * piety under Ru
  1051 | D:2      | Found an opulent altar of Gozag.
  1051 | D:2      | Found a shattered altar of Ashenzari.
  1057 | D:2      | Reached skill level 6 in Unarmed Combat
  1215 | D:3      | Found a basalt altar of Yredelemnul.
  1293 | D:3      | Reached XP level 5. HP: 41/45 MP: 5/5
  1432 | D:3      | Found a shadowy altar of Dithmenos.
  1640 | D:4      | Reached skill level 7 in Unarmed Combat
  1649 | D:4      | Reached XP level 6. HP: 41/51 MP: 6/6
  2034 | D:4      | Reached skill level 8 in Unarmed Combat
  2279 | D:5      | Entered Level 5 of the Dungeon
  2314 | D:5      | Gained mutation: You cannot study or use magical devices. [Ru sacrifice]
  2314 | D:5      | Reached ** piety under Ru
  2314 | D:5      | Reached *** piety under Ru
  2317 | D:5      | Noticed a sky beast
  2337 | D:5      | Killed a sky beast
  2337 | D:5      | Your scales start taking on a weird mottled colour.
  2337 | D:5      | Reached XP level 7. HP: 51/57 MP: 7/7
  2385 | D:5      | Noticed Menkaure
  2393 | D:5      | Killed Menkaure
  2393 | D:5      | Reached skill level 9 in Unarmed Combat
  2463 | D:5      | Found a sacrificial altar of Ru.
  2466 | D:5      | Found a radiant altar of Vehumet.
  2466 | D:5      | Found a deep blue altar of Sif Muna.
  2469 | D:5      | Found an iron altar of Okawaru.
  2547 | D:5      | Found a sand-covered staircase.
  2558 | Ossuary  | Entered an ossuary
  2919 | D:5      | Found a glowing golden altar of the Shining One.
  3115 | D:5      | Noticed Pikel
  3139 | D:5      | Killed Pikel
  3139 | D:5      | Reached skill level 11 in Unarmed Combat
  3139 | D:5      | Reached XP level 8. HP: 32/63 MP: 8/8
  3535 | D:6      | Found an oddly glowing altar of Pakellas.
  3536 | D:6      | Noticed SpiritFryer's ghost (novice CeGl)
  3570 | D:6      | Killed SpiritFryer's ghost
  3575 | D:6      | Reached XP level 9. HP: 27/72 MP: 9/9
  3742 | D:6      | Found a glowing drain.
  3765 | Sewer    | Entered a sewer
  4041 | Sewer    | Reached skill level 5 in Fighting
  4634 | D:7      | Reached skill level 12 in Unarmed Combat
  4691 | D:7      | Found a bloodstained altar of Trog.
  4841 | D:7      | Noticed an angel
  4844 | D:7      | Found a glowing silver altar of Zin.
  4887 | D:7      | Found a snail-covered altar of Cheibriados.
  4937 | D:7      | Reached skill level 5 in Dodging
  5027 | D:7      | Found a staircase to the Ecumenical Temple.
  5115 | D:8      | Noticed Grum
  5127 | D:8      | Noticed Joseph
  5606 | D:8      | Killed Grum
  5617 | D:8      | Killed Joseph
  5617 | D:8      | Reached XP level 10. HP: 24/84 MP: 10/10
  6066 | D:8      | Got a bound crystal amulet
  6306 | D:8      | Gained mutation: Your magical capacity is low (-10% MP). [Ru sacrifice]
  6306 | D:8      | Reached **** piety under Ru
  6315 | D:8      | Noticed Psyche
  6323 | D:8      | Killed Psyche
  6323 | D:8      | Reached skill level 13 in Unarmed Combat
  6660 | D:8      | Noticed Erica
  6670 | D:8      | Killed Erica
  6700 | D:8      | Found a staircase to the Lair.
  6962 | D:8      | Found an ancient bone altar of Kikubaaqudgha.
  6994 | D:8      | Learned a level 1 spell: Apportation
  6997 | D:8      | Learned a level 2 spell: Confusing Touch
  6997 | D:8      | Identified the amulet "Teimmadwe" {Harm *Drain +Blink Str+4 Int+3 Stlth-} (You found it on level 8 of the Dungeon)
  7003 | D:8      | Gained mutation: Your mind is acute. (Int +2) [potion of mutation]
  7003 | D:8      | Gained mutation: Your flesh is heat resistant. [potion of mutation]
  7003 | D:8      | Lost mutation: Your mind is acute. (Int +2) [potion of mutation]
  7040 | D:9      | Noticed a catoblepas
  7047 | D:9      | You fall through a shaft!
  7047 | D:10     | Entered Level 10 of the Dungeon
  7064 | D:10     | Noticed Josephine
  7088 | D:10     | Reached skill level 1 in Hexes
  7190 | D:10     | Killed Josephine
  7190 | D:10     | Reached skill level 1 in Spellcasting
  7445 | D:9      | Reached XP level 11. HP: 88/94 MP: 11/11
  8626 | D:9      | Killed a catoblepas
  8626 | D:9      | Reached skill level 14 in Unarmed Combat
  9346 | D:9      | Noticed an ogre mage
  9364 | D:9      | Killed an ogre mage
  9366 | D:9      | Slain by an ogre

Vault maps used:
D:1:      erik_arrival_triangle_large, lemuel_flame_loot_1
D:2:      gammafunk_temple_overflow_pools, nicolae_ru_great_annihilating_truth
D:3:      overflow_temple_1_default, overflow_temple_1_default
D:5:      nicolae_tso_carved_into_rock, grunt_temple_overflow_open, first_bread,
          nicolae_ossuary_entry_giza, serial_bayou_crossing, uniq_menkaure,
          uniq_pikel
D:6:      old_standard_altar, portal_sewer_entry_e
D:7:      kennysheep_mini_moat, zin_angel, lemuel_coloured_pillars_altar,
          minmay_temple_entry_poolview
D:8:      kiku_gazebo_pond_becter, grunt_lair_entry_orc_guard_hut,
          grunt_decor_arrowhead, uniq_grum, uniq_erica, uniq_joseph, uniq_psyche
D:9:      lemuel_ogre_cave
D:10:     serial_bayou_lagoon_a, uniq_josephine, uniq_sonja, uniq_fannar
Sewer:    sewer_minmay_w
Ossuary:  ossuary_tomb_3

Skill      XL: |  1  2  3  4  5  6  7  8  9 10 11 |
---------------+----------------------------------+-----
Unarmed Combat | 5 6 7 8 11 12 13 14 | 14.2
Dodging        | 3 5 6 7 |  7.5
Fighting       | 4 6 8 9 |  9.0
Hexes          | 2 4 |  4.8
Spellcasting   | 1 3 |  3.1
Stealth        | |  1.7

Action                   |  1- 3 |  4- 6 |  7- 9 | 10-12 || total
-------------------------+-------+-------+-------+-------++-------
Melee: Unarmed           |   103 |   263 |   562 |   497 ||  1425
Invok: Sacrifice Love    |       |     1 |       |       ||     1
       Sacrifice Artific |       |     1 |       |       ||     1
       Reject Sacrifices |       |       |     1 |       ||     1
       Power Leap        |       |       |       |     4 ||     4
       Draw Out Power    |       |       |       |     2 ||     2
       Sacrifice Essence |       |       |       |     1 ||     1
 Abil: Breathe Sticky Fl |       |       |     6 |     5 ||    11
  Use: Potion            |       |       |       |     8 ||     8
       Scroll            |       |       |       |     6 ||     6
 Stab: Sleeping          |     4 |     6 |    13 |     5 ||    28
       Distracted        |       |     1 |     3 |     6 ||    10
       Invisible         |       |       |    11 |    10 ||    21
  Eat: Chunk             |       |     5 |     4 |    14 ||    23
       Meat ration       |       |       |     2 |       ||     2
       Pizza             |       |       |     2 |       ||     2
